 Dungeon Crawl Stone Soup version 0.20.1-1-g8b1a95d (webtiles) character file.

5332 letownia2 the Thaumaturge (level 10, 69/81 HPs)
             Began as a Deep Dwarf Necromancer on Dec 18, 2017.
             Was an Initiate of Gozag.
             Quit the game on level 8 of the Dungeon.
             The game lasted 00:18:08 (7110 turns).

letownia2 the Thaumaturge (Deep Dwarf Necromancer)  Turns: 7110, Time: 00:18:09

Health: 69/81      AC: 15    Str: 13    XL:     10   Next: 38%
Magic:  24/24      EV: 11    Int: 18    God:    Gozag
Gold:   563        SH:  0    Dex: 13    Spells: 26/30 levels left

rFire    . . .     SeeInvis .   a - +2 hand axe (flame)
rCold    . . .     Gourm    .   (no shield)
rNeg     . . .     Faith    .   d - +0 ring mail
rPois    .         Spirit   .   e - +1 helmet
rElec    .         Reflect  .   w - +1 cloak
rCorr    .         Harm     .   K - +2 pair of gloves
MR       +....                  H - +0 pair of boots
Stlth    +.........             (no amulet)
Regen    0.0/turn               (no ring)
MPRegen  0.2/turn               s - +2 ring of protection

@: non-regenerating
A: damage resistance, heal wounds, sense surroundings 2, no regeneration
a: Heal Wounds, Potion Petition, Call Merchant, Bribe Branch, Renounce Religion


You were on level 8 of the Dungeon.
You worshipped Gozag.
Gozag was pleased with you.
You were not hungry.

You visited 2 branches of the dungeon, and saw 9 of its levels.

You collected 1728 gold pieces.
You spent 30 gold pieces at shops.
You paid 1135 gold pieces to Gozag.

Inventory:

Hand Weapons
 a - a +2 hand axe of flaming (weapon)
 b - the +6 spear "Biuz" {drain, SInv}
   (You found it on level 6 of the Dungeon)

   A truly terrible weapon, it drains the life of those it strikes.
   It lets you see invisible.
 I - a +0 war axe
 L - a +0 short sword of venom
 P - a +1 glaive of chopping
 Q - a +0 falchion of holy wrath
Missiles
 f - 18 bolts
 k - 11 javelins (quivered)
 B - a throwing net
 G - 2 javelins of returning
 M - 2 curare-tipped needles
Armour
 d - a +0 ring mail (worn)
 e - a +1 helmet (worn)
 w - a +1 cloak (worn)
 H - a +0 pair of boots (worn)
 K - a +2 pair of gloves (worn)
 R - a +0 scale mail
Jewellery
 q - an uncursed ring of ice
 s - a +2 ring of protection (right hand)
Wands
 n - a wand of random effects (31/48)
 o - a wand of digging (22/24)
Scrolls
 i - 6 scrolls of identify
 m - 2 scrolls of teleportation
 r - a scroll of magic mapping
 u - a scroll of fog
 y - 2 scrolls of blinking
 C - 3 scrolls of remove curse
Potions
 g - 2 potions of invisibility {unknown}
 p - 2 potions of might {unknown}
 A - a potion of lignification
 D - 2 potions of berserk rage {unknown}
 E - 3 potions of mutation
 J - 2 potions of curing {unknown}
 N - 3 potions of agility
Comestibles
 c - 5 bread rations
 j - 15 fruits
 O - 4 meat rations
 T - 4 royal jellies


   Skills:
 - Level 2.4 Fighting
 + Level 4.5 Axes
 - Level 2.1 Dodging
 - Level 2.4 Stealth
 - Level 10.5 Spellcasting
 + Level 9.6 Necromancy


You had 26 spell levels left.
You knew the following spells:

 Your Spells              Type           Power        Failure   Level  Hunger
a - Pain                  Necr           ####         1%          1    None
v - Vampiric Draining     Necr           #####.....   1%          3    None


Dungeon Overview and Level Annotations

Branches:
Dungeon (8/15)             Temple (1/1) D:4
   Lair: D:8-11

Altars:
Ashenzari
Cheibriados
Dithmenos
Elyvilon
Fedhas
Gozag
Hepliaklqana
Kikubaaqudgha
Makhleb
Nemelex Xobeh
Okawaru
Qazlal
Ru
Sif Muna
Uskayaw
Vehumet
Xom
Yredelemnul
Zin

Shops:
D:5 }   D:6 *   D:7 :   D:8 (


Innate Abilities, Weirdness & Mutations

You are resistant to damage.
You can heal yourself by infusing magical energy.
You passively map the area around you.
You do not regenerate.


Message History

You feel strangely unstable.
It was a scroll of teleportation.
A worker ant comes into view.
Unknown command.
As you read the scroll labeled KANOOS LUISCH, it crumbles to dust.
You feel aware of your surroundings.
It was a scroll of magic mapping.
The worker ant twitches its antennae in your direction.
The worker ant bites you but does no damage.
As you read the scroll labeled VIPPYC BEUZASEHU, it crumbles to dust.
The scroll dissolves into smoke.
It was a scroll of fog.
The worker ant misses you.
Blink to where?
Press: ? - help, Dir - move target cursor, f - you Are you sure you want to cancel this blink?
Okay, then.
As you read the scroll labeled USSETY FUUTU, it crumbles to dust.
It was a scroll of blinking.
Your surroundings suddenly seem different.
As you read the scroll labeled NUFFEA CUPUMAG, it crumbles to dust.
You feel blessed for a moment.
It was a scroll of remove curse.
Are you sure you want to abandon this character and quit the game? (Confirm with "yes".)

*,* #.# #.≈P. *,* #.#
#P≈≈. *,* #.# #≈≈P. *,*
#.# #P≈.. *,* #.# #PP≈.
*,* #####.# ##### *,*
#.....# #. *,* #.##### #.
*,* #@# #.
*,#######.####### ###.
*,..............# #...
**#######.####..#######.#.
#....#.......)..#.
####..#...##...#..
#...#..##..#..#
#....#....#....
#.....#..#.....


There were no monsters in sight!

Vanquished Creatures
  A hydra (D:8)
  A two-headed ogre (D:8)
  2 dream sheep (D:8)
  2 yaks (D:8)
  A black bear (D:6)
  2 ice beasts (D:5)
  A sky beast (D:6)
  5 orc warriors
  2 ogres (D:5)
  5 centaurs
  4 big kobolds
  7 bullfrogs
  4 scorpions
  A howler monkey (D:8)
  A jelly (D:8)
  5 orc priests
  2 bullfrog skeletons (D:4)
  Ijyb (D:3)
  An iguana (D:4)
  3 orc wizards
  10 worker ants
  A hound skeleton (D:6)
  Robin (D:1)
  8 gnolls
  10 adders
  3 shadow imps
  An ooze (D:1)
  An adder zombie (D:6)
  2 worms (D:4)
  5 dart slugs
  3 leopard geckos
  29 orcs
  7 bats
  7 giant cockroaches
  19 goblins
  6 hobgoblins
  4 jackals
  13 kobolds
  4 quokkas
  2 ball pythons
  6 frilled lizards
  A jackal skeleton (D:6)
  A leopard gecko skeleton (D:6)
  A leopard gecko zombie (D:7)
  9 rats
205 creatures vanquished.

Notes
Turn   | Place    | Note
-------+----------+-------------------------------------------
     0 | D:1      | letownia2 the Deep Dwarf Necromancer began the quest for the Orb.
     0 | D:1      | Reached XP level 1. HP: 15/15 MP: 3/3
   226 | D:1      | Reached skill level 2 in Spellcasting
   255 | D:2      | Noticed Robin
   268 | D:1      | Killed Robin
   268 | D:1      | Reached XP level 2. HP: 19/22 MP: 5/5
   495 | D:3      | Noticed a bullfrog
   501 | D:3      | Killed a bullfrog
   501 | D:3      | Reached skill level 3 in Spellcasting
   501 | D:3      | Reached skill level 5 in Necromancy
   501 | D:3      | Reached XP level 3. HP: 20/28 MP: 0/7
   501 | D:3      | Reached XP level 4. HP: 26/36 MP: 0/8
   506 | D:3      | Learned a level 3 spell: Vampiric Draining
   711 | D:4      | Reached XP level 5. HP: 36/42 MP: 9/9
   731 | D:4      | Found a staircase to the Ecumenical Temple.
   740 | Temple   | Entered the Ecumenical Temple
  1387 | Temple   | Became a worshipper of Gozag Ym Sagoz the Greedy
  1442 | D:4      | Reached XP level 6. HP: 40/49 MP: 6/10
  1677 | D:3      | Noticed Ijyb
  1688 | D:3      | Killed Ijyb
  2539 | D:2      | Reached skill level 4 in Spellcasting
  3892 | D:5      | Entered Level 5 of the Dungeon
  3951 | D:5      | Reached XP level 7. HP: 30/55 MP: 8/14
  4026 | D:5      | Reached skill level 5 in Spellcasting
  4185 | D:5      | Found Fumof's Gadget Emporium.
  4518 | D:5      | Found a shattered altar of Ashenzari.
  4536 | D:5      | Reached skill level 1 in Fighting
  4558 | D:5      | Found a shimmering altar of Xom.
  4565 | D:5      | Reached skill level 6 in Spellcasting
  4565 | D:5      | Reached XP level 8. HP: 32/64 MP: 8/17
  4706 | D:6      | Bought a scroll labeled BELUAH BAUF for 30 gold pieces
  4764 | D:6      | Found a hide-covered altar of Uskayaw.
  4998 | D:6      | Got a dazzling spear
  4999 | D:6      | Identified the +6 spear "Biuz" {drain, SInv} (You found it on level 6 of the Dungeon)
  5108 | D:6      | Found an opulent altar of Gozag.
  5546 | D:6      | Reached skill level 7 in Spellcasting
  5776 | D:6      | Reached skill level 8 in Spellcasting
  5911 | D:7      | Gained mutation: You passively map the area around you. [Deep Dwarf growth]
  5911 | D:7      | Reached XP level 9. HP: 69/74 MP: 21/21
  6213 | D:7      | Reached skill level 9 in Spellcasting
  6252 | D:7      | Found an iron altar of Okawaru.
  6252 | D:7      | Found a sacrificial altar of Ru.
  6252 | D:7      | Found an ancient bone altar of Kikubaaqudgha.
  6252 | D:7      | Found a blossoming altar of Fedhas.
  6260 | D:7      | Found a glowing silver altar of Zin.
  6262 | D:7      | Found a burning altar of Makhleb.
  6351 | D:7      | Found Peeq's Book Emporium.
  6752 | D:8      | Noticed a two-headed ogre
  6763 | D:8      | Killed a two-headed ogre
  6763 | D:8      | Reached skill level 10 in Spellcasting
  6845 | D:8      | Reached skill level 1 in Axes
  6845 | D:8      | Reached XP level 10. HP: 67/81 MP: 14/24
  6901 | D:8      | Noticed a two-headed hydra
  6906 | D:8      | Killed a one-headed hydra
  7091 | D:8      | Noticed a five-headed hydra
  7110 | D:8      | Quit the game

Skill      XL: |  1  2  3  4  5  6  7  8  9 10 |
---------------+-------------------------------+-----
Spellcasting   | 2 3 4 6 8 10 | 10.5
Necromancy     | 5 6 7 8 9 |  9.6
Fighting       | 1 2 |  2.4
Axes           | 1 4 |  4.5
Dodging        | |  2.1
Stealth        | |  2.4

Action                   |  1- 3 |  4- 6 |  7- 9 | 10-12 || total
-------------------------+-------+-------+-------+-------++-------
Melee: Short sword       |    21 |   193 |    59 |       ||   273
       Spear             |       |       |   203 |    10 ||   213
       Hand axe          |       |       |    20 |    28 ||    48
Throw: Javelin           |       |     1 |    12 |       ||    13
 Cast: Pain              |    13 |    64 |    33 |       ||   110
       Vampiric Draining |       |    15 |    64 |     8 ||    87
Invok: Call Merchant     |       |       |     1 |     1 ||     2
Evoke: Wand              |       |       |     3 |       ||     3
  Use: Scroll            |       |       |     5 |    13 ||    18
 Stab: Sleeping          |       |     2 |     2 |       ||     4
  Eat: Chunk             |       |     3 |       |       ||     3
       Meat ration       |       |     1 |     1 |       ||     2
       Bread ration      |       |     1 |       |       ||     1
       Fruit             |       |       |     8 |       ||     8
       Royal jelly       |       |       |     1 |       ||     1
Armor: Ring mail         |    13 |    76 |   128 |    13 ||   230
Dodge: Dodged            |    15 |   126 |   188 |    18 ||   347
